 Dungeon Crawl Stone Soup version 0.29.1-12-g30fa7ad0bf (webtiles) character file.

Game seed: 17572208035617600040

653 concernfroge the Trooper (level 7, -6/59 HPs)
             Began as a Mummy Monk on Dec 19, 2022.
             Was a Follower of Uskayaw.
             Mangled by an orc warrior
             ... wielding a +0 trident
              (15 damage)
             ... on level 4 of the Dungeon.
             The game lasted 00:09:44 (4270 turns).

concernfroge the Trooper (Mummy Monk)               Turns: 4270, Time: 00:09:44

Health: -6/59      AC:  7    Str:  9    XL:     7   Next: 28%
Magic:  10/10      EV: 10    Int: 15    God:    Uskayaw [*.....]
Gold:   202        SH:  0    Dex: 17    Spells: 6/6 levels left

rFire   x . .      SeeInvis .   k - +5 sling "Xajiume" {speed, rN++ Str-5 Int+6}
rCold   + . .      Faith    .   (no shield)
rNeg    + + +      Spirit   .   l - +0 ring mail
rPois   ∞          Reflect  .   c - +2 hat
rElec   .          Harm     .   (no cloak)
rCorr   .          Rampage  .   (no gloves)
Will    .....                   (no boots)
Stlth   +.........              (no amulet)
HPRegen 0.19/turn               j - ring of flight
MPRegen 0.12/turn               (no ring)

@: flying
A: cold resistance 1, negative energy resistance 3, torment resistance 2, heat
vulnerability 1, in touch with death 1, no potions
a: Renounce Religion, Stomp


You were on level 4 of the Dungeon.
You worshipped Uskayaw.
Uskayaw was noncommittal.
You visited 1 branch of the dungeon, and saw 5 of its levels.

You collected 202 gold pieces.

Inventory:

Hand Weapons
 a - a +0 spear
 k - the +5 sling "Xajiume" (weapon) {speed, rN++ Str-5 Int+6}
   (You found it on level 2 of the Dungeon)

   Attacks with this weapon are significantly faster.
   Str:       It affects your strength (-5).
   Int:       It affects your intelligence (+6).
   rN:        It greatly protects you from negative energy.
Missiles
 d - 10 poisoned darts
 i - 18 stones
 r - 5 boomerangs
Armour
 c - a +2 hat (worn)
 l - a +0 ring mail (worn)
Jewellery
 j - a ring of flight (left hand)
 m - an amulet of magic regeneration
 p - a ring of magical power
Scrolls
 b - a scroll of immolation
 e - a scroll of enchant armour
 f - a scroll of poison
 g - a scroll of amnesia
 n - 5 scrolls of teleportation
 o - 3 scrolls of identify
 q - a scroll of vulnerability {unknown}
 s - a scroll of butterflies {unknown}
 t - a scroll of magic mapping {unknown}


   Skills:
 + Level 6.6 Fighting
 - Level 2.4 Polearms
 - Level 2.4 Dodging
 - Level 1.5 Stealth
 + Level 4.6 Invocations


You had 6 spell levels left.
You didn't know any spells.
Your spell library contained the following spells:

 Spells                   Type           Power      Damage    Failure   Level
 Hailstorm                Conj/Ice       0%         3d3       100%        4
 Simulacrum               Ice/Necr       0%         N/A       100%        6
 Ice Form                 Ice/Tmut       Unusable   N/A       N/A         4

Dungeon Overview and Level Annotations

Branches:
Dungeon (5/15)
 Temple: D:4-7

Altars:
Okawaru
Uskayaw

Annotations:
D:5 Dowan, Duvessa


Innate Abilities, Weirdness & Mutations

You are immune to poison.
Your flesh is cold resistant. (rC+)
You are immune to negative energy. (rN+++)
You are immune to unholy pain and torment.
You are vulnerable to heat. (rF-)
You are in touch with the powers of death.
You do not drink.


Message History

Throw: 13 darts (poison)
Press: ? - help, Q - select action, (/) - cycle Shift-Dir - straight line, f/p - orc warrior
Aim: an orc warrior, wielding a +0 trident and wearing a +0 chain mail (moderately wounded, poisoned, 60% to hit)
You throw a poisoned dart. The poisoned dart hits the orc warrior.
The orc warrior looks even sicker.
The orc warrior is moderately wounded.
Throw: 12 darts (poison)
Press: ? - help, Q - select action, (/) - cycle Shift-Dir - straight line, f/p - orc warrior
Aim: an orc warrior, wielding a +0 trident and wearing a +0 chain mail (severely wounded, poisoned, 60% to hit)
You throw a poisoned dart.
The poisoned dart barely misses the orc warrior.
Throw: 11 darts (poison)
Press: ? - help, Q - select action, (/) - cycle Shift-Dir - straight line, f/p - orc warrior
Aim: an orc warrior, wielding a +0 trident and wearing a +0 chain mail (severely wounded, poisoned, 60% to hit)
You throw a poisoned dart.
The poisoned dart barely misses the orc warrior.
The orc warrior looks more healthy.
Items here: )) ††.
You see here a +0 club.
Throw: 10 darts (poison)
Press: ? - help, Q - select action, (/) - cycle Shift-Dir - straight line, f/p - orc warrior
Aim: an orc warrior, wielding a +0 trident and wearing a +0 chain mail (almost dead, 60% to hit)
Okay, then.
You aren't carrying any items that you can evoke.
Fire: k) +5 sling "Xajiume" {speed, rN++ Str-5 Int+6}
Press: ? - help, Q - select action, (/) - cycle Shift-Dir - straight line, f/p - orc warrior
Aim: an orc warrior, wielding a +0 trident and wearing a +0 chain mail (almost dead, 63% to hit)
You shoot a sling bullet.
The sling bullet hits the orc warrior but does no damage.
The orc warrior is almost dead.
The orc warrior barely misses you.
Fire: k) +5 sling "Xajiume" {speed, rN++ Str-5 Int+6}
Press: ? - help, Q - select action, (/) - cycle Shift-Dir - straight line, f/p - orc warrior
Aim: an orc warrior, wielding a +0 trident and wearing a +0 chain mail (almost dead, 63% to hit)
You shoot a sling bullet.
The sling bullet closely misses the orc warrior.
The orc warrior hits you from afar with a +0 trident.
* * * LOW HITPOINT WARNING * * *
The orc warrior hits you from afar with a +0 trident!
You die...

###(##...#..# # #(##......#
#.##.#.#..# #.##.#.#..#
#o##...##.# #.#######.# #.#
#.#
#.#######.###################
#(........o)@................
#############################


You could see an orc warrior.

Vanquished Creatures
  A black bear (D:5)
  An ice beast (D:5)
  A phantom (D:5)
  A necrophage (D:5)
  A hound (D:4)
  A jelly (D:4)
  A gnoll bouda (D:4)
  2 iguanas (D:5)
  7 adders
  7 gnolls (D:4)
  A shadow imp (D:5)
  4 dart slugs
  7 orcs (D:4)
  An endoplasm (D:2)
  4 giant cockroaches
  5 goblins
  3 hobgoblins
  2 jackals (D:1)
  2 quokkas
  7 ball pythons
  3 bats
  3 kobolds
  5 rats
  A spectral goblin (D:1)
71 creatures vanquished.

Notes
Turn   | Place    | Note
-------+----------+-------------------------------------------
     0 | D:1      | concernfroge the Mummy Monk began the quest for the Orb.
     0 | D:1      | Reached XP level 1. HP: 18/18 MP: 1/1
   262 | D:1      | Reached XP level 2. HP: 11/24 MP: 2/2
   862 | D:1      | Reached skill level 4 in Fighting
   878 | D:1      | Found a faded altar of an unknown god.
  1212 | D:1      | Prayed at the altar of an unknown god.
  1212 | D:1      | Became a worshipper of Uskayaw the Reveller
  1212 | D:1      | Reached * piety under Uskayaw
  1212 | D:1      | Reached ** piety under Uskayaw
  1508 | D:2      | Identified the +5 sling "Xajiume" {speed, rN++ Str-5 Int+6}
  1869 | D:2      | Gained mutation: You are in touch with the powers of death.
                  | [Mummy growth]
  1869 | D:2      | Reached XP level 3. HP: 30/30 MP: 3/3
  2202 | D:3      | Found an iron altar of Okawaru.
  2250 | D:3      | Reached skill level 1 in Invocations
  2586 | D:4      | Reached XP level 4. HP: 38/38 MP: 3/5
  2602 | D:4      | Reached *** piety under Uskayaw
  2606 | D:4      | Reached **** piety under Uskayaw
  2611 | D:4      | Reached XP level 5. HP: 32/43 MP: 6/6
  2613 | D:4      | Reached skill level 5 in Fighting
  2978 | D:4      | Noticed an orc warrior
  2989 | D:5      | Entered Level 5 of the Dungeon
  3165 | D:5      | Noticed an ice beast
  3176 | D:5      | Killed an ice beast
  3177 | D:5      | Reached XP level 6. HP: 45/51 MP: 8/8
  3259 | D:5      | Reached ***** piety under Uskayaw
  3260 | D:5      | Reached skill level 6 in Fighting
  3422 | D:5      | Reached XP level 7. HP: 59/59 MP: 8/10
  3608 | D:5      | Noticed Duvessa
  3611 | D:5      | Noticed Dowan
  4196 | D:4      | HP: 1/59 [orc warrior/+0 trident (13)]
  4270 | D:4      | Mangled by an orc warrior

Illustrated notes

Levels and vault maps discovered:
D:1:      psy_arrival_spokes, layout_basic,
          dreamdust_ecumenical_altar_drowned_temple, st_stairs_7
D:2:      layout_loops_cross, chequers_serial_rivers_micro_d,
          minmay_pentomino_x4
D:3:      layout_loops_ring, mainiacjoe_overflow_small_starburst
D:4:      layout_basic, pf_guarded_unrand_delatra
D:5:      layout_rooms, uniq_duvessa

Skill      XL: |  1  2  3  4  5  6 |
---------------+-------------------+-----
Fighting       | 4 5 6 |  6.6
Invocations    | 1 2 3 4 |  4.6
Polearms       | |  2.4
Dodging        | |  2.4
Stealth        | |  1.5

Action                   |  1- 3 |  4- 6 |  7- 9 || total
-------------------------+-------+-------+-------++-------
Melee: Spear             |   101 |       |       ||   101
 Fire: Sling             |    39 |    78 |    75 ||   192
Throw: Dart              |       |       |     5 ||     5
Invok: Stomp             |       |     2 |       ||     2
  Use: Scroll            |     6 |       |     1 ||     7
 Stab: Sleeping          |     1 |       |       ||     1
Armor: Robe              |    12 |       |       ||    12
       Scale mail        |    19 |       |       ||    19
       Ring mail         |     3 |    13 |    12 ||    28
Dodge: Dodged            |    55 |    15 |    20 ||    90
